 Dungeon Crawl Stone Soup version 0.23.0-3-gf3c87f2 (webtiles) character file.

Game seed: 14257989626262311369

297 xccam the Magician (level 6, 0/47 HPs)
             Began as a Gnoll Wanderer on Feb 20, 2019.
             Succumbed to a worker ant's poison
             ... on level 3 of the Dungeon.
             The game lasted 00:07:27 (3059 turns).

xccam the Magician (Gnoll Wanderer)                 Turns: 3059, Time: 00:07:28

Health: 0/47       AC:  4    Str: 15    XL:     6   Next: 35%
Magic:  16/16      EV: 11    Int: 17    God:
Gold:   173        SH:  4    Dex: 13    Spells: 18/19 levels left

rFire    . . .     SeeInvis .   o - +0 spear
rCold    . . .     Gourm    .   q - +0 buckler
rNeg     . . .     Faith    .   t - +1 leather armour {MR+}
rPois    .         Spirit   .   (no helmet)
rElec    .         Reflect  .   (no cloak)
rCorr    .         Harm     .   (no gloves)
MR       +....                  (no boots)
Stlth    ++........             p - amulet of magic regeneration
HPRegen  0.15/turn              (no ring)
MPRegen  0.40/turn              (no ring)

@: lethally poisoned (0 -> -5)
A: distributed training, fangs 1, strong nose
a: no special abilities


You were on level 3 of the Dungeon.
You were not hungry.

You visited 1 branch of the dungeon, and saw 4 of its levels.

You collected 173 gold pieces.

Inventory:

Hand Weapons
 o - a +0 spear (weapon)
Missiles
 l - 51 bolts
Armour
 q - a +0 buckler (worn)
 t - a +1 leather armour of magic resistance (worn)
Jewellery
 p - an amulet of magic regeneration (around neck)
Wands
 c - a wand of random effects (2)
 r - a wand of disintegration (7)
Scrolls
 d - a scroll of enchant weapon
 i - a scroll of remove curse
 j - a scroll of teleportation
 n - 2 scrolls of fog
Potions
 m - a potion of flight
Comestibles
 f - 4 rations


   Skills:
 + Level 3.2 Fighting
 + Level 1.9 Short Blades
 + Level 1.9 Long Blades
 + Level 1.9 Axes
 + Level 1.9 Maces & Flails
 + Level 1.9 Polearms
 + Level 4.9 Staves
 + Level 1.9 Slings
 + Level 1.9 Bows
 + Level 1.9 Crossbows
 + Level 3.2 Throwing
 + Level 1.9 Armour
 + Level 1.9 Dodging
 + Level 1.9 Stealth
 + Level 1.9 Shields
 + Level 1.9 Unarmed Combat
 + Level 7.4 Spellcasting
 + Level 1.5 Conjurations
 + Level 1.5 Hexes
 + Level 1.5 Charms
 + Level 1.5 Summonings
 + Level 1.5 Necromancy
 + Level 1.5 Translocations
 + Level 1.5 Transmutations
 + Level 1.5 Fire Magic
 + Level 2.6 Ice Magic
 + Level 2.6 Air Magic
 + Level 1.5 Earth Magic
 + Level 1.5 Poison Magic
 + Level 2.1 Invocations
 + Level 3.2 Evocations


You had 18 spell levels left.
You knew the following spells:

 Your Spells              Type           Power        Failure   Level  Hunger
a - Apportation           Tloc           ##....       10%         1    None

Your spell library contained the following spells:

 Spells                   Type           Power        Failure   Level  Hunger
 Lesser Beckoning         Tloc           ##........   28%         3    ##.....


Dungeon Overview and Level Annotations

Branches:
Dungeon (4/15)
 Temple: D:4-7

Altars:


Innate Abilities, Weirdness & Mutations

Your experience applies equally to all skills.
You have very sharp teeth.
Your uncanny sense of smell can sniff out nearby items.


Message History

You feel resistant to hostile enchantments.
Unknown command.
Your magical effects are unravelling.
You feel magically purged.
You feel yourself slow down.
* * * LOW HITPOINT WARNING * * *
You feel sick. The worker ant barely misses you.
The dart slug launches a dart at you. The slug dart misses you.
As you read the scroll of teleportation, it crumbles to dust.
You feel strangely unstable.
* * * LOW HITPOINT WARNING * * *
You feel sick.
The worker ant bites you but does no damage.
Unknown command.
You see here a howler monkey corpse.
* * * LOW HITPOINT WARNING * * *
You feel sick. The worker ant barely misses you.
Your surroundings suddenly seem different.
You die...

########
##########......###########
.(.........##...@.........#
#(###########.#.#########.#
#)# #†#.##### #.# #[##
#.#..^..# #.# #..#
#.#####.## #.#
##.###########.......# #.#
.............######..####.#
....####.....# #.......#
....# ###...######<..###.#


There were no monsters in sight!

Vanquished Creatures
  A howler monkey (D:3)
  Ijyb (D:3)
  Natasha (thrice) (D:2)
  3 gnolls (D:2)
  6 adders
  An ooze (D:1)
  2 worms
  A dart slug (D:3)
  3 leopard geckos
  2 orcs (D:3)
  9 bats
  3 giant cockroaches
  4 goblins
  4 hobgoblins
  3 jackals (D:3)
  5 kobolds
  4 quokkas (D:3)
  A ball python (D:1)
  A frilled lizard (D:1)
  10 rats
67 creatures vanquished.

Notes
Turn   | Place    | Note
-------+----------+-------------------------------------------
     0 | D:1      | xccam the Gnoll Wanderer began the quest for the Orb.
     0 | D:1      | xccam set off with the following items: a +2 quarterstaff,
                  | a wand of random effects (15), a +0 robe, a ration; and the
                  | following spell memorised: Apportation; and the following
                  | spells available to memorise: Lesser Beckoning
     0 | D:1      | Reached XP level 1. HP: 17/17 MP: 8/8
   159 | D:1      | Reached XP level 2. HP: 13/23 MP: 10/10
   558 | D:2      | Noticed Natasha
   564 | D:2      | HP: 1/23 [Natasha (9)]
   569 | D:2      | Killed Natasha
   569 | D:2      | Reached skill level 1 in Invocations
   569 | D:2      | Reached XP level 3. HP: 10/28 MP: 11/11
   578 | D:2      | Reached skill level 1 in Short Blades
   578 | D:2      | Reached skill level 1 in Long Blades
   578 | D:2      | Reached skill level 1 in Axes
   578 | D:2      | Reached skill level 1 in Maces & Flails
   578 | D:2      | Reached skill level 1 in Polearms
   578 | D:2      | Reached skill level 1 in Slings
   578 | D:2      | Reached skill level 1 in Bows
   578 | D:2      | Reached skill level 1 in Crossbows
   578 | D:2      | Reached skill level 1 in Armour
   578 | D:2      | Reached skill level 1 in Dodging
   578 | D:2      | Reached skill level 1 in Stealth
   578 | D:2      | Reached skill level 1 in Shields
   578 | D:2      | Reached skill level 1 in Unarmed Combat
   869 | D:2      | Reached XP level 4. HP: 29/34 MP: 13/13
   919 | D:2      | Reached skill level 1 in Conjurations
   919 | D:2      | Reached skill level 1 in Hexes
   919 | D:2      | Reached skill level 1 in Charms
   919 | D:2      | Reached skill level 1 in Summonings
   919 | D:2      | Reached skill level 1 in Necromancy
   919 | D:2      | Reached skill level 1 in Translocations
   919 | D:2      | Reached skill level 1 in Transmutations
   919 | D:2      | Reached skill level 1 in Fire Magic
   919 | D:2      | Reached skill level 1 in Earth Magic
   919 | D:2      | Reached skill level 1 in Poison Magic
  1031 | D:2      | Noticed Natasha
  1041 | D:2      | Killed Natasha
  1041 | D:2      | Reached XP level 5. HP: 29/40 MP: 14/14
  1088 | D:2      | Noticed Natasha
  1097 | D:2      | Killed Natasha
  1918 | D:3      | Noticed Ijyb
  1939 | D:3      | Killed Ijyb
  1982 | D:3      | Reached XP level 6. HP: 22/47 MP: 16/16
  3055 | D:3      | HP: 2/47 [poisoned by a worker ant]
  3059 | D:3      | Succumbed to a worker ant's poison

Skill      XL: |  1  2  3  4  5  6 |
---------------+-------------------+-----
Ice Magic      | 2 |  2.6
Air Magic      | 2 |  2.6
Invocations    | 1 2 |  2.1
Short Blades   | 1 |  1.9
Long Blades    | 1 |  1.9
Axes           | 1 |  1.9
Maces & Flails | 1 |  1.9
Polearms       | 1 |  1.9
Slings         | 1 |  1.9
Bows           | 1 |  1.9
Crossbows      | 1 |  1.9
Armour         | 1 |  1.9
Dodging        | 1 |  1.9
Stealth        | 1 |  1.9
Shields        | 1 |  1.9
Unarmed Combat | 1 |  1.9
Conjurations   | 1 |  1.5
Hexes          | 1 |  1.5
Charms         | 1 |  1.5
Summonings     | 1 |  1.5
Necromancy     | 1 |  1.5
Translocations | 1 |  1.5
Transmutations | 1 |  1.5
Fire Magic     | 1 |  1.5
Earth Magic    | 1 |  1.5
Poison Magic   | 1 |  1.5
Fighting       | 3 |  3.2
Throwing       | 3 |  3.2
Evocations     | 3 |  3.2
Staves         | |  4.9
Spellcasting   | |  7.4

Action                   |  1- 3 |  4- 6 || total
-------------------------+-------+-------++-------
Melee: Quarterstaff      |    44 |    65 ||   109
       Bite              |     3 |    16 ||    19
       Spear             |       |   153 ||   153
Evoke: Wand              |     2 |    11 ||    13
  Use: Potion            |     3 |     5 ||     8
       Scroll            |       |    11 ||    11
 Stab: Sleeping          |     1 |     7 ||     8
       Paralysed         |       |     2 ||     2
  Eat: Chunk             |       |     7 ||     7
Armor: Leather armour    |    10 |    43 ||    53
       Skin              |       |    32 ||    32
Dodge: Dodged            |    26 |   114 ||   140
Block: Buckler           |       |    26 ||    26
